 Dungeon Crawl Stone Soup version 0.25.1-2-g60ff931df9 (webtiles) character file.

Game seed: 3107071670776169722

63 Martska the Skirmisher (level 3, 0/33 HPs)
             Began as a Minotaur Fighter on Sept 30, 2020.
             Succumbed to a kobold's poison
             ... on level 2 of the Dungeon.
             The game lasted 00:02:00 (1198 turns).

Martska the Skirmisher (Minotaur Fighter)           Turns: 1198, Time: 00:02:00

Health: 0/33       AC:  7    Str: 20    XL:     3   Next: 89%
Magic:  2/2        EV:  7    Int:  7    God:
Gold:   62         SH:  9    Dex: 10    Spells: 2/2 levels left

rFire    + . .     SeeInvis .   a - +0 war axe
rCold    . . .     Gourm    .   c - +0 kite shield
rNeg     . . .     Faith    .   b - +0 scale mail
rPois    .         Spirit   .   (helmet restricted)
rElec    .         Reflect  .   (no cloak)
rCorr    .         Harm     .   (no gloves)
MR       .....                  (no boots)
Stlth    ..........             (no amulet)
HPRegen  0.11/turn              (no ring)
MPRegen  0.08/turn              (no ring)

@: lethally poisoned (0 -> -3), berserk cooldown, slowed, lightly drained, very
slow
A: retaliatory headbutt, horns 2, clever 1, fire resistance 1, sense
surroundings 1
a: no special abilities


You were on level 2 of the Dungeon.
You were not hungry.

You visited 1 branch of the dungeon, and saw 2 of its levels.

You collected 62 gold pieces.

Inventory:

Hand Weapons
 a - a +0 war axe (weapon)
Armour
 b - a +0 scale mail (worn)
 c - a +0 kite shield (worn)
Jewellery
 g - a cursed ring of teleportation {unknown}
 k - an uncursed ring of protection from magic {unknown}
Scrolls
 e - a scroll of blinking {unknown}
 h - a scroll of noise {unknown}
 l - a scroll of enchant weapon {unknown}
Potions
 d - a potion of might
Comestibles
 f - 2 rations


   Skills:
 * Level 4.3(3.9) Fighting
 * Level 3.2(2.9) Axes
 * Level 4.3(3.9) Armour
 * Level 1.7(1.4) Dodging
 - Level 3.6(3.2) Shields


You had 2 spell levels left.
You didn't know any spells.
Your spell library was empty.

Dungeon Overview and Level Annotations

Branches:
Dungeon (2/15)

Altars:


Innate Abilities, Weirdness & Mutations

You reflexively headbutt those who attack you in melee.
You have a pair of horns on your head.
Your mind is acute. (Int +2)
Your flesh is heat resistant. (rF+)
You passively map a small area around you.


Message History

You feel sick.
* * * LOW HITPOINT WARNING * * *
You feel sick.
* * * LOW HITPOINT WARNING * * *
You feel sick.
* * * LOW HITPOINT WARNING * * *
You feel sick.
You see here 10 gold pieces.
* * * LOW HITPOINT WARNING * * *
You feel sick.
* * * LOW HITPOINT WARNING * * *
You feel sick.
* * * LOW HITPOINT WARNING * * *
You feel sick.
* * * LOW HITPOINT WARNING * * *
You feel sick.
* * * LOW HITPOINT WARNING * * *
You feel sick.
All of the chunks of flesh in your inventory have rotted away.
You die...

.⌠......# *
..##..#.#* ,, ,
.⌠.##.#.##########
#.##..#.##.......#*
#(.(..).##.......#
*
.†#........$.....#
.##.###.#........#
###.##...........#
..##..........@#
##.##....###)#### ,
#.##.#......# *
#.....P♣..######
#..♣♣♣.......# # ,
♣♣PP.##.#.#
♣♣PP..##.#.# ###
♣PPP.÷..<..#
##.##### *
♣.♣....##.###
##.#.##.##


There were no monsters in sight!

Vanquished Creatures
  Robin (D:2)
  2 adders (D:2)
  A dart slug (D:1)
  A ball python (D:2)
  A giant cockroach (D:2)
  10 goblins (D:2)
  6 hobgoblins
  3 bats (D:2)
  A frilled lizard (D:1)
  3 kobolds
  5 rats
34 creatures vanquished.

Notes
Turn   | Place    | Note
-------+----------+-------------------------------------------
     0 | D:1      | Martska the Minotaur Fighter began the quest for the Orb.
     0 | D:1      | Reached XP level 1. HP: 19/19 MP: 0/0
   373 | D:1      | Reached XP level 2. HP: 27/27 MP: 1/1
   803 | D:2      | Reached skill level 1 in Dodging
   977 | D:2      | Noticed Robin
   984 | D:2      | Reached XP level 3. HP: 24/33 MP: 2/2
   987 | D:2      | Killed Robin
  1125 | D:2      | Found a faded altar of an unknown god.
  1184 | D:2      | Gained mutation: Your flesh is heat resistant. (rF+)
                  | [potion of mutation]
  1184 | D:2      | Gained mutation: You passively map a small area around you.
                  | [potion of mutation]
  1184 | D:2      | Gained mutation: Your mind is acute. (Int +2) [potion of
                  | mutation]
  1196 | D:2      | HP: 1/33 [poisoned by a kobold]
  1198 | D:2      | Succumbed to a kobold's poison

Illustrated notes

Levels and vault maps discovered:
D:1:      dpeg_arrival_lava_altar, layout_basic
D:2:      layout_loops_cross, chequers_ecumenical_altar_island, serial_forest,
          infiniplex_forest_lined_corner, infiniplex_forest_clump_medium,
          infiniplex_forest_clump_small, infiniplex_forest_clump_cross,
          minmay_hexomino_u4, uniq_robin

Skill      XL: |  1  2 |
---------------+-------+-----
Dodging        | 1 |  1.7
Armour         | 4 |  4.3
Fighting       | 4 |  4.3
Axes           | 3 |  3.2
Shields        | |  3.6

Action                   || total
-------------------------++-------
Melee: War axe           ||    79
       Headbutt          ||    10
  Use: Potion            ||     2
  Eat: Chunk             ||     1
Armor: Scale mail        ||    37
Dodge: Dodged            ||    37
Block: Kite shield       ||    41
